 Dungeon Crawl Stone Soup version 0.27.0-1-g7a089689b8 (webtiles) character file.

Game seed: 12404169485932482327

1789 Delamore the Slicer (level 9, -2/61 HPs)
             Began as an Octopode Brigand on Aug 7, 2021.
             Was an Initiate of Gozag.
             Slain by an ice beast (11 damage)
             ... on level 6 of the Dungeon.
             The game lasted 00:05:02 (6025 turns).

Delamore the Slicer (Octopode Brigand)              Turns: 6025, Time: 00:05:03

Health: -2/61      AC:  5    Str: 11    XL:     9   Next: 8%
Magic:  9/9        EV: 23    Int: 13    God:    Gozag
Gold:   608        SH:  0    Dex: 16    Spells: 8/8 levels left

rFire    . . .     SeeInvis .   a - +3 dagger (freeze)
rCold    . . .     Faith    .   (no shield)
rNeg     . . .     Spirit   .   (helmet restricted)
rPois    +         Reflect  .   d - amulet of the acrobat
rElec    .         Harm     .   g - +4 ring of evasion
rCorr    .         Rampage  .   h - +4 ring of evasion
Will     .....                  i - +4 ring of protection
Stlth    ++++......             k - ring of poison resistance
HPRegen  0.20/turn              (no ring)
MPRegen  0.11/turn              (no ring)
                                (no ring)
                                (no ring)

@: gold aura
A: almost no armour, amphibious, 8 rings, camouflage 1, gelatinous body 1,
(nimble swimmer 1), tentacles
a: Renounce Religion, Potion Petition, Call Merchant, Bribe Branch


You were on level 6 of the Dungeon.
You worshipped Gozag.
Gozag was pleased with you.
You visited 2 branches of the dungeon, and saw 7 of its levels.
You also visited: Sewer.

You collected 662 gold pieces.
You paid 54 gold pieces to Gozag.

Inventory:

Hand Weapons
 a - a +3 dagger of freezing (weapon)
Missiles
 b - 8 poisoned darts (quivered)
 c - 7 curare-tipped darts
Jewellery
 d - an amulet of the acrobat (around mantle)
 g - a +4 ring of evasion (left tentacle)
 h - a +4 ring of evasion (right tentacle)
 i - a +4 ring of protection (on tentacle)
 k - a ring of poison resistance (on tentacle)
Wands
 e - a wand of iceblast (9)
 p - a wand of polymorph (5)
 y - a wand of acid (10)
Scrolls
 j - 4 scrolls of fog
 o - 3 scrolls of summoning {unknown}
 q - a scroll of blinking {unknown}
 s - 4 scrolls of enchant armour {unknown}
 u - a scroll of teleportation {unknown}
 v - a scroll of magic mapping {unknown}
 w - 2 scrolls of fear {unknown}
Potions
 f - 3 potions of lignification {unknown}
 l - a potion of magic {unknown}
 m - 3 potions of curing {unknown}
 n - a potion of degeneration {unknown}
 r - a potion of attraction {unknown}
 t - a potion of mutation {unknown}
 x - a potion of heal wounds {unknown}


   Skills:
 - Level 5.0 Fighting
 * Level 9.4 Short Blades
 - Level 2.0 Throwing
 - Level 5.0 Dodging
 - Level 5.3 Stealth


You had 8 spell levels left.
You didn't know any spells.
Your spell library contained the following spells:

 Spells                   Type           Power      Damage    Failure   Level
 Slow                     Hex            0%         N/A       43%         2
 Confusing Touch          Hex            0%         N/A       67%         3
 Vampiric Draining        Necr           0%         2d6       67%         3


Dungeon Overview and Level Annotations

Branches:
Dungeon (6/15)             Temple (1/1) D:4           Sewer (visited)

Altars:
Ashenzari
Cheibriados
Dithmenos
Elyvilon
Gozag
Hepliaklqana
Kikubaaqudgha
Makhleb
Nemelex Xobeh
Okawaru
Qazlal
Ru
Sif Muna
Trog
Uskayaw
Vehumet
Yredelemnul
Zin
The Shining One

Annotations:
D:4 2 runed translucent doors, ShadowedStranger's ghost, amateur SpAK


Innate Abilities, Weirdness & Mutations

You cannot wear most types of armour.
You are amphibious.
You can wear up to eight rings at the same time.
Your skin changes colour to match your surroundings (Stealth+).
Your rubbery body absorbs attacks. (AC +1, EV +1)
((You are camouflaged near water. (Stealth+)))
You have tentacles for arms and can constrict up to eight enemies at once.


Message History

You hit the vampire mosquito. You freeze the vampire mosquito.
You grab the vampire mosquito.
The vampire mosquito is heavily damaged.
You constrict the vampire mosquito. The vampire mosquito barely misses you.
You hit the vampire mosquito but do no damage.
You squeeze the vampire mosquito.
The vampire mosquito is severely damaged.
You constrict the vampire mosquito. The vampire mosquito bites you!
* * * LOW HITPOINT WARNING * * *
The vampire mosquito draws strength from your injuries!
You hit the vampire mosquito. You freeze the vampire mosquito.
The vampire mosquito is severely damaged.
You constrict the vampire mosquito. The vampire mosquito barely misses you.
You barely miss the vampire mosquito.
The vampire mosquito is almost destroyed.
You constrict the vampire mosquito. The vampire mosquito bites you.
* * * LOW HITPOINT WARNING * * *
The vampire mosquito draws strength from your injuries!
The vampire mosquito barely misses you.
You barely miss the vampire mosquito.
Your squeeze misses the vampire mosquito.
The vampire mosquito is almost destroyed.
You constrict the vampire mosquito. The vampire mosquito misses you.
You hit the vampire mosquito. You freeze the vampire mosquito.
You destroy the vampire mosquito!
You hit the ice beast.
The ice beast is lightly wounded.
You hit the ice beast.
The ice beast is moderately wounded.
The ice beast completely misses you.
You hit the ice beast but do no damage.
You squeeze the ice beast, but do no damage.
The ice beast is moderately wounded.
You closely miss the ice beast.
The ice beast is moderately wounded.
The ice beast hits you.
* * * LOW HITPOINT WARNING * * *
The ice beast freezes you!
You die...
Your body crumbles into a pile of gold.

#.. # #.# # #.##.##.#
#..$....# #.##$##.#
#.......# ####.####
#Y# ### ##### #@#...
...### #.#.#### .
##.#.#### #......#
..#
#...#...###.#.##.##
..
#..###..##.........
..##.#.##
##..(...###.##
#......###..##...# #
##.##.#.#.#.###......
##.#.##...........##


You could see an ice beast.

Vanquished Creatures
  Grinder (D:3)
  A steam dragon (D:5)
  4 vampire mosquitoes (D:6)
  An acid dragon (D:5)
  An ogre (D:4)
  A phantom (D:5)
  3 scorpions
  2 water moccasin skeletons (D:5)
  Natasha (twice) (D:3)
  2 iguanas
  2 orc wizards (D:5)
  4 river rats
  9 adders
  An ufetubus (D:4)
  3 worms
  4 dart slugs
  9 orcs
  9 ball pythons
  6 endoplasms
  6 giant cockroaches
  6 goblins
  7 hobgoblins
  20 jackals
  3 kobolds
  3 quokkas
  4 bats
  10 frilled lizards
  8 rats
132 creatures vanquished.

Vanquished Creatures (others)
  A scorpion (D:5)
1 creature vanquished.

Grand Total: 133 creatures vanquished

Notes
Turn   | Place    | Note
-------+----------+-------------------------------------------
     0 | D:1      | Delamore the Octopode Brigand began the quest for the Orb.
     0 | D:1      | Reached XP level 1. HP: 14/14 MP: 1/1
   274 | D:1      | Reached XP level 2. HP: 19/19 MP: 2/2
  1168 | D:1      | Found a faded altar of an unknown god.
  1280 | D:2      | Reached XP level 3. HP: 25/25 MP: 3/3
  1512 | D:2      | Reached skill level 3 in Short Blades
  2023 | D:2      | Reached XP level 4. HP: 27/30 MP: 4/4
  2996 | D:3      | Noticed Grinder
  3005 | D:3      | Reached XP level 5. HP: 28/36 MP: 5/5
  3010 | D:3      | Paralysed by something for 4 turns
  3072 | D:3      | Paralysed by Grinder for 2 turns
  3084 | D:3      | Killed Grinder
  3085 | D:3      | Reached skill level 4 in Short Blades
  3085 | D:3      | Reached XP level 6. HP: 25/43 MP: 6/6
  3229 | D:3      | Noticed Natasha
  3238 | D:3      | Killed Natasha
  3325 | D:3      | Noticed Natasha
  3331 | D:3      | Killed Natasha
  3332 | D:3      | Reached skill level 5 in Short Blades
  3775 | D:4      | Reached XP level 7. HP: 29/48 MP: 7/7
  3930 | D:4      | Found a staircase to the Ecumenical Temple.
  3939 | Temple   | Entered the Ecumenical Temple
  4072 | Temple   | Became a worshipper of Gozag Ym Sagoz the Greedy
  4180 | D:4      | Found a runed translucent door.
  4223 | D:4      | Noticed ShadowedStranger's ghost (amateur SpAK)
  4481 | D:4      | Found a runed translucent door.
  4819 | D:5      | Entered Level 5 of the Dungeon
  4843 | D:5      | Reached skill level 6 in Short Blades
  4926 | D:5      | Found a stormy altar of Qazlal.
  5021 | D:5      | Found a glowing drain.
  5025 | Sewer    | Entered a sewer
  5051 | Sewer    | Reached XP level 8. HP: 54/54 MP: 8/8
  5560 | D:5      | Reached skill level 5 in Fighting
  5579 | D:5      | Reached skill level 7 in Short Blades
  5762 | D:5      | Reached skill level 5 in Dodging
  5849 | D:5      | Found a hazy altar of Hepliaklqana.
  5991 | D:6      | Reached skill level 8 in Short Blades
  6012 | D:6      | Reached skill level 9 in Short Blades
  6012 | D:6      | Reached XP level 9. HP: 39/61 MP: 9/9
  6025 | D:6      | Slain by an ice beast

Illustrated notes

Levels and vault maps discovered:
D:1:      dpeg_arrival_fog, layout_basic, basic_ecumenical_altar,
          minmay_misc_feat_four_crosses, minmay_misc_feat_rugged
D:2:      layout_loops_corners
D:3:      layout_basic, minmay_door_square, patterned_corridor, uniq_natasha,
          uniq_grinder
D:4:      layout_basic, temple_hall, ebering_ghost_sewer_f,
          kennysheep_generic_room_8
D:5:      layout_cave_pools, worldfamousw_hep_ancestral_shrine,
          lemuel_doored_altar, gup_sewer_entry_bowl, st_stairs_2
D:6:      layout_loops_cross, uniq_crazy_yiuf_cottage
Temple:   minmay_crystal_spiral_temple

Skill      XL: |  1  2  3  4  5  6  7  8 |
---------------+-------------------------+-----
Short Blades   | 3 4 5 6 9 |  9.4
Dodging        | 2 3 4 5 |  5.0
Fighting       | 3 4 5 |  5.0
Throwing       | |  2.0
Stealth        | |  5.3

Action                   |  1- 3 |  4- 6 |  7- 9 || total
-------------------------+-------+-------+-------++-------
Melee: Dagger            |    69 |    75 |   176 ||   320
       Constrict         |    16 |    15 |    30 ||    61
       Tentacles         |    15 |    15 |    29 ||    59
Throw: Dart              |       |       |     1 ||     1
  Use: Scroll            |     1 |     4 |       ||     5
 Stab: Sleeping          |    10 |    16 |    18 ||    44
       Distracted        |       |       |     1 ||     1
Armor: Skin              |     2 |     6 |     9 ||    17
Dodge: Dodged            |    40 |    45 |   113 ||   198
